Map: Acid Plant LE

Players

Serral - Winner!

  • Race: Zerg Zerg
  • Spawn Location: 5:00

Neeb

  • Race: Protoss Protoss
  • Spawn Location: 11:00

Event: WESG 2017 Haikou

VOD

Have the link to the VOD?

Description

Time

  • Played on: March 17, 2018, 12:04 a.m.
  • Length: 26:11

All games in this series

Show
View Real Time Build Order
Export as new Build Order

Serral Zerg - Winner!

Build Orders: Hatch First, Lurkers, Roach Hydra 

Get SALT Encoding   

  12  0:00  Drone  
  13  0:12  Overlord  
  13  0:17  Drone  
  14  0:31  Drone x2  
  16  0:48  Hatchery  
  15  0:50  Drone  
  15  0:55  Drone  
  17  1:08  Spawning Pool  
  17  1:10  Extractor  
  15  1:13  Drone  
  15  1:16  Drone  
  17  1:20  Drone  
  18  1:28  Drone  
  19  1:39  Overlord  
  19  1:50  Drone  
  20  1:56  Queen  
  20  1:59  Queen  
  20  2:00  Zergling x2  
  20  2:01  Drone  
  26  2:09  Metabolic Boost  
  26  2:11  Drone  
  26  2:14  Drone  
  28  2:22  Drone x2  
  30  2:32  Drone x2  
  32  2:40  Hatchery  
  31  2:46  Queen  
  31  2:50  Overlord  
  33  2:53  Zergling x2  
  33  2:55  Zergling x2  
  33  2:58  Zergling x2  
  36  3:09  Drone x3  
  36  3:10  Drone  
  36  3:11  Drone  
  41  3:15  Drone  
  42  3:25  Drone x2  
  41  3:29  Spore Crawler  
  41  3:33  Overlord  
  38  3:36  Queen  
  38  3:39  Overlord  
  40  3:47  Overlord  
  40  3:53  Drone x5  
  45  4:00  Drone x2  
  47  4:04  Drone, Queen  
  47  4:08  Drone  
  51  4:13  Spore Crawler  
  51  4:14  Drone  
  50  4:18  Lair  
  50  4:19  Drone  
  50  4:20  Drone  
  52  4:24  Drone x2  
  52  4:25  Drone  
  52  4:30  Drone x3  
  58  4:33  Overlord  
  58  4:36  Spore Crawler  
  57  4:39  Roach Warren  
  57  4:42  Drone, Extractor  
  57  4:44  Drone  
  57  4:47  Overlord  
  57  4:49  Drone  
  57  4:50  Extractor  
  57  4:54  Zergling x6  
  57  4:57  Zergling x4  
  57  4:59  Drone x2  
  64  5:01  Drone  
  64  5:04  Drone x2  
  64  5:06  Overlord  
  67  5:09  Drone  
  67  5:10  Drone  
  67  5:12  Overlord  
  69  5:16  Overlord  
  68  5:23  Roach x3  
  74  5:29  Roach  
  74  5:30  Roach x3  
  74  5:35  Roach x2  
  86  5:36  Glial Reconstitution  
  86  5:46  Roach x3  
  88  5:50  Drone  
  88  5:51  Drone x5  
  94  5:59  Overlord  
  94  6:01  Extractor, Roach x3  
  94  6:03  Evolution Chamber  
  98  6:06  Roach x2  
  98  6:11  Overlord  
  102  6:15  Drone x3  
  105  6:19  Roach x3  
  111  6:26  Overlord  
  111  6:28  Overlord  
  111  6:31  Overlord  
  109  6:37  Roach x4  
  109  6:38  Drone x3  
  118  6:44  Queen  
  118  6:45  Drone x5  
  121  6:49  Drone, Overlord  
  121  6:50  Drone  
  121  6:53  Extractor x2, Zerg Missile Weapons Level 1  
  121  6:57  Overlord  
  121  7:01  Overlord  
  121  7:03  Drone x2  
  121  7:07  Drone x2  
  123  7:10  Drone  
  123  7:15  Hydralisk Den  
  121  7:23  Drone  
  121  7:24  Drone x2  
  121  7:27  Overlord  
  121  7:29  Hatchery  
  123  7:30  Roach x3  
  123  7:31  Roach x2  
  133  7:38  Roach x3  
  133  7:40  Overlord  
  139  7:44  Grooved Spines  
  139  7:45  Hydralisk x4  
  139  7:48  Pneumatized Carapace  
  147  8:08  Hydralisk x3  
  147  8:09  Hydralisk  
  155  8:15  Drone x3  
  155  8:16  Drone  
  163  8:20  Hydralisk x7  
  163  8:22  Extractor  
  163  8:23  Ravager  
  163  8:24  Ravager  
  172  8:27  Extractor  
  172  8:28  Ravager x2  
  172  8:30  Roach x3  
  177  8:40  Hydralisk x2  
  147  8:41  Roach x3  
  147  8:45  Roach x3  
  146  8:55  Roach x6  
  123  8:58  Hydralisk  
  102  9:08  Hydralisk  
  102  9:09  Hydralisk  
  95  9:19  Roach x4  
  95  9:22  Drone  
  104  9:31  Muscular Augments  
  104  9:33  Hydralisk x3  
  104  9:34  Roach  
  112  9:43  Hydralisk x4  
  118  10:00  Drone x12  
  130  10:19  Hydralisk x2, Drone  
  130  10:20  Roach  
  136  10:22  Queen  
  136  10:23  Queen  
  136  10:25  Hydralisk x2  
  136  10:26  Roach  
  136  10:27  Roach  
  148  10:40  Roach x4  
  150  10:51  Overlord  
  144  10:58  Drone x2  
  144  10:59  Drone x3  
  144  11:03  Hydralisk x2  
  147  11:08  Queen  
  143  11:11  Lurker Den  
  142  11:20  Hydralisk x3  
  142  11:21  Roach x5  
  158  11:28  Zerg Missile Weapons Level 2  
  158  11:29  Queen  
  158  11:30  Drone x4  
  164  11:38  Roach x5  
  174  11:40  Overlord  
  174  11:44  Queen  
  176  12:05  Hydralisk x2  
  176  12:06  Roach x6  
  192  12:19  Hatchery  
  191  12:28  Infestation Pit  
  166  12:47  Hydralisk x10  
  166  12:48  Zergling x24  
  178  13:01  Overlord  
  178  13:03  Lurker x8  
  178  13:04  Overlord  
  178  13:05  Overlord  
  184  13:06  Hive  
  184  13:25  Overseer  
  182  13:44  Zerg Ground Armor Level 1  
  182  13:47  Spire, Queen  
  182  13:48  Extractor, Drone x3  
  180  13:57  Roach  
  180  13:58  Roach x8  
  198  14:07  Evolution Chamber  
  197  14:14  Overlord  
  190  14:21  Adaptive Talons  
  179  14:24  Overlord  
  179  14:29  Hydralisk x2  
  179  14:30  Roach x14  
  184  14:40  Hydralisk x3  
  184  14:41  Roach  
  200  14:47  Zerg Missile Weapons Level 3  
  200  14:52  Lurker  
  193  14:55  Lurker x2  
  195  15:01  Greater Spire  
  195  15:03  Extractor  
  194  15:07  Spine Crawler, Drone x4  
  194  15:08  Spore Crawler  
  194  15:09  Spore Crawler  
  194  15:13  Overseer x3  
  193  15:16  Hydralisk x2  
  193  15:17  Hydralisk  
  193  15:20  Overseer  
  197  15:25  Overlord  
  190  15:49  Hydralisk x3  
  181  15:50  Roach x10  
  186  15:57  Lurker x7  
  186  15:58  Extractor  
  186  15:59  Drone x3  
  186  16:00  Drone  
  192  16:09  Zerg Ground Armor Level 2  
  192  16:15  Zerg Flyer Weapons Level 1  
  192  16:17  Hydralisk x4  
  200  16:31  Hatchery  
  199  16:35  Hatchery  
  194  16:51  Overlord  
  194  16:53  Hydralisk x8  
  200  16:54  Roach  
  192  17:06  Hydralisk x2  
  192  17:07  Roach x3  
  200  17:10  Overseer  
  185  17:33  Hydralisk x2  
  185  17:34  Roach x12  
  185  17:35  Roach x2  
  178  17:40  Overlord  
  164  17:46  Overlord  
  150  17:51  Corruptor  
  150  17:52  Corruptor x6  
  161  18:06  Corruptor x4  
  165  18:35  Corruptor x6, Lurker x4  
  178  18:48  Drone x5  
  181  18:49  Drone  
  181  18:52  Corruptor x2, Lurker x3  
  191  18:58  Overseer, Spore Crawler  
  191  19:01  Spore Crawler  
  189  19:05  Spore Crawler  
  188  19:23  Corruptor x2  
  188  19:24  Viper x2  
  178  19:48  Hatchery  
  178  19:50  Corruptor  
  178  19:51  Viper x2  
  175  20:00  Brood Lord  
  175  20:01  Brood Lord x6  
  187  20:19  Zerg Melee Weapons Level 1  
  187  20:20  Zergling x6  
  190  20:27  Corruptor x3  
  193  20:34  Drone x3  
  193  20:38  Extractor x2  
  191  20:43  Roach x4, Zergling x4  
  191  20:48  Zergling x8  
  199  21:36  Extractor  
  199  21:37  Spore Crawler  
  199  21:38  Spine Crawler, Extractor, Spore Crawler x3  
  192  21:43  Drone x3  
  193  21:48  Hydralisk x3, Zergling x2  
  193  21:51  Burrow  
  197  21:58  Drone x3  
  196  22:03  Zergling x6  
  196  22:04  Zergling x2  
  198  22:17  Spore Crawler  
  198  22:18  Spore Crawler  
  198  22:19  Spore Crawler  
  190  22:30  Spore Crawler  
  190  22:31  Spore Crawler x2  
  190  22:34  Drone x4  
  190  22:35  Drone  
  192  22:43  Overseer  
  192  22:45  Spore Crawler x2  
  192  22:46  Spore Crawler  
  192  22:48  Spore Crawler  
  192  22:51  Spore Crawler  
  183  22:53  Zergling x28  
  196  23:08  Extractor  
  171  23:21  Hydralisk x7  
  171  23:22  Hydralisk x4  
  184  23:29  Hydralisk x4  
  180  23:38  Viper  
  192  23:43  Zergling x2  
  182  23:58  Zergling x20  
  186  24:19  Zergling x20  
  193  24:29  Corruptor  
  193  24:31  Corruptor x3  
  190  24:48  Corruptor x4  
  180  25:18  Corruptor x9  
  169  25:30  Zergling x16  
  169  25:31  Zergling x4  
Show
View Real Time Build Order
Export as new Build Order

Neeb Protoss 

Build Orders: 1 Gate Expand, Oracle Opening, Phoenix Opening, Archon Immortal, Carriers, Zealot Archon, Archon Drop 

Get SALT Encoding   

  12  0:00  Probe  
  13  0:12  Probe  
  14  0:18  Pylon  
  14  0:24  Probe  
  15  0:33  Assimilator  
  15  0:37  Probe (Chrono Boost)  
  16  0:45  Gateway  
  16  0:48  Probe (Chrono Boost)  
  17  0:53  Probe (Chrono Boost)  
  18  1:03  Probe  
  19  1:15  Probe  
  20  1:26  Nexus  
  20  1:33  Cybernetics Core  
  20  1:36  Probe  
  21  1:41  Assimilator  
  21  1:48  Probe  
  21  1:50  Pylon  
  22  2:00  Probe  
  23  2:08  Adept (Chrono Boost)  
  23  2:12  Probe  
  23  2:14  Stargate  
  26  2:22  Warp Gate  
  26  2:24  Probe  
  26  2:26  Adept (Chrono Boost)  
  29  2:36  Probe  
  30  2:39  Probe  
  31  2:48  Adept, Probe  
  31  2:51  Probe  
  35  3:00  Probe, Phoenix (Chrono Boost)  
  35  3:03  Probe  
  39  3:06  Pylon  
  39  3:13  Probe  
  39  3:15  Probe  
  39  3:16  Oracle (Chrono Boost)  
  44  3:25  Probe  
  45  3:27  Probe  
  45  3:33  Assimilator  
  42  3:37  Probe  
  42  3:38  Gateway  
  42  3:39  Probe, Assimilator  
  44  3:44  Adept  
  46  3:49  Probe  
  46  3:51  Probe  
  46  3:53  Robotics Facility  
  48  4:01  Probe  
  49  4:03  Probe  
  50  4:11  Twilight Council  
  50  4:13  Probe  
  50  4:14  Pylon  
  50  4:15  Probe  
  52  4:22  Gateway  
  52  4:23  Gateway  
  52  4:25  Probe  
  52  4:28  Probe  
  54  4:31  Pylon  
  54  4:37  Warp Prism (Chrono Boost)  
  54  4:44  Charge (Chrono Boost)  
  56  4:47  Templar Archives  
  56  4:51  Zealot x2  
  60  4:57  Gateway  
  60  4:59  Gateway  
  60  5:02  Probe  
  61  5:17  Pylon  
  61  5:20  Pylon  
  61  5:25  Nexus  
  61  5:30  High Templar  
  61  5:31  Probe, High Templar x3  
  61  5:34  Pylon  
  70  5:35  Probe  
  70  5:36  Archon x2  
  71  5:44  Probe  
  73  5:52  Pylon  
  74  5:57  Forge  
  74  6:01  Zealot  
  74  6:02  Zealot  
  74  6:03  Zealot x4  
  84  6:05  Probe x2  
  86  6:12  Immortal (Chrono Boost)  
  91  6:21  Pylon  
  90  6:29  Zealot x4  
  90  6:32  Zealot  
  100  6:37  Probe  
  89  6:41  Immortal (Chrono Boost)  
  89  6:42  Probe x2  
  89  6:45  Sentry x2  
  91  6:47  Protoss Ground Weapons Level 1 (Chrono Boost)  
  91  6:50  Probe  
  90  6:54  Probe x2  
  90  6:58  Sentry x2  
  96  7:02  Probe  
  96  7:06  Probe x2  
  99  7:12  Immortal (Chrono Boost)  
  99  7:14  Probe  
  99  7:15  Zealot, High Templar x2  
  106  7:16  Zealot  
  106  7:18  Probe  
  106  7:20  Archon  
  114  7:23  Gateway  
  114  7:25  Gateway  
  113  7:32  Gateway  
  113  7:33  Probe x2  
  113  7:35  Probe  
  113  7:36  Gateway  
  116  7:43  Assimilator  
  116  7:44  Assimilator  
  116  7:48  Pylon  
  120  7:52  High Templar, Observer (Chrono Boost)  
  120  7:53  Zealot x2, High Templar  
  120  7:56  Pylon  
  125  8:00  Archon  
  125  8:03  Pylon  
  125  8:06  Probe x2  
  125  8:12  Zealot x2  
  131  8:15  Zealot x2  
  131  8:19  Pylon x2  
  135  8:30  Zealot x3  
  135  8:31  Zealot x2  
  141  8:37  Zealot x5  
  125  8:50  Probe x2  
  117  8:56  Zealot x5  
  117  9:00  Zealot x4  
  117  9:01  Zealot  
  119  9:04  Psionic Storm  
  119  9:06  Warp Prism (Chrono Boost)  
  111  9:21  Nexus  
  111  9:23  High Templar x9  
  129  9:27  Probe  
  131  9:37  Immortal (Chrono Boost)  
  134  9:40  Pylon  
  134  9:50  Zealot  
  136  9:55  Zealot x2  
  138  10:01  Probe  
  138  10:02  Probe  
  140  10:07  Immortal (Chrono Boost)  
  140  10:08  Probe  
  140  10:09  Robotics Facility  
  140  10:14  Probe x2  
  147  10:20  Probe  
  144  10:23  Stalker x3  
  144  10:24  Stalker  
  144  10:27  Protoss Ground Weapons Level 2 (Chrono Boost)  
  152  10:30  Zealot x2  
  154  10:41  Immortal (Chrono Boost)  
  151  10:44  Zealot x4  
  151  10:46  Probe x2  
  159  10:50  Zealot x4  
  159  10:54  Probe  
  159  10:56  Probe  
  165  11:02  Probe  
  154  11:06  Probe  
  154  11:10  Assimilator  
  154  11:11  Immortal (Chrono Boost)  
  159  11:16  Assimilator  
  159  11:17  Immortal (Chrono Boost)  
  163  11:26  Pylon x2, High Templar x2  
  163  11:27  High Templar x4  
  163  11:28  Zealot, Photon Cannon  
  175  11:32  Archon  
  175  11:33  Archon x2  
  175  11:36  Immortal (Chrono Boost)  
  177  11:41  Immortal (Chrono Boost)  
  181  11:52  Pylon  
  181  11:57  Fleet Beacon  
  181  12:00  Zealot x6  
  181  12:01  Zealot  
  195  12:15  Observer  
  195  12:17  Pylon  
  195  12:33  Immortal  
  196  12:43  Pylon  
  182  12:48  Pylon  
  182  12:50  Pylon  
  182  12:51  Zealot x3  
  182  12:53  Mothership (Chrono Boost), Pylon  
  188  13:00  Pylon x2  
  188  13:01  Probe x2  
  188  13:02  Phoenix  
  188  13:05  High Templar x2  
  196  13:09  Archon  
  196  13:13  Protoss Ground Weapons Level 3 (Chrono Boost)  
  196  13:18  Gateway x2  
  196  13:20  Photon Cannon, Pylon  
  196  13:21  Gateway  
  196  13:23  Photon Cannon  
  196  13:24  Graviton Catapult (Chrono Boost)  
  196  13:25  Shield Battery x2  
  196  13:27  Pylon  
  196  13:28  Shield Battery  
  196  13:29  Protoss Air Weapons Level 1 (Chrono Boost)  
  196  13:30  Pylon, Stargate  
  196  13:33  Stargate  
  195  13:41  Oracle (Chrono Boost)  
  187  13:42  High Templar x4  
  196  13:51  Archon x2  
  196  13:54  Zealot  
  188  13:56  Stalker x4  
  195  14:23  Carrier  
  179  14:34  Zealot x6  
  179  14:35  Zealot x4  
  179  14:36  Immortal x2 (Chrono Boost)  
  187  14:55  High Templar x5  
  187  14:56  High Templar  
  199  15:01  Nexus  
  199  15:15  Observer  
  200  15:36  Carrier (Chrono Boost)  
  184  15:43  Carrier (Chrono Boost)  
  184  15:44  Carrier (Chrono Boost)  
  184  15:46  Zealot x4  
  184  15:48  Probe x2  
  184  15:49  Protoss Shields Level 1  
  197  15:51  Probe x2  
  189  16:04  Zealot x2  
  185  16:37  Zealot x7  
  196  16:41  Zealot  
  181  16:48  Zealot  
  181  16:49  Zealot x3  
  180  16:54  Carrier  
  180  16:55  Probe x2  
  180  17:00  Zealot  
  180  17:01  Zealot x4  
  188  17:08  High Templar x3  
  194  17:15  Archon  
  177  17:30  High Templar x4  
  177  17:31  Observer  
  176  17:43  Zealot x8  
  170  18:04  High Templar x3  
  170  18:05  High Templar  
  174  18:08  Archon x2  
  174  18:09  Zealot  
  174  18:12  Observer  
  173  18:35  Oracle  
  176  18:43  Observer  
  176  18:44  Photon Cannon  
  176  18:47  Nexus  
  177  18:52  Carrier (Chrono Boost)  
  177  18:54  Pylon  
  181  19:11  Zealot x5  
  185  19:27  Carrier (Chrono Boost)  
  170  19:52  Protoss Air Weapons Level 2 (Chrono Boost)  
  169  20:01  Carrier  
  174  20:19  Zealot x2  
  174  20:20  Zealot  
  178  20:21  Probe  
  178  20:25  Probe x2  
  178  20:31  Probe  
  178  20:38  Probe x2  
  180  20:44  Probe x2  
  180  20:49  Zealot  
  180  21:08  High Templar  
  180  21:09  Zealot x4, High Templar x3  
  196  21:15  Archon x2  
  196  21:23  Photon Cannon  
  182  21:38  Zealot x4, High Templar x2  
  194  21:42  Archon  
  194  21:48  Zealot  
  195  21:57  Probe  
  194  22:10  Nexus  
  194  22:21  High Templar  
  194  22:22  Zealot, High Templar  
  200  22:31  Pylon  
  200  22:34  Probe x2  
  198  23:00  Assimilator  
  198  23:04  Assimilator  
  176  23:38  Mothership (Chrono Boost)  
  184  23:48  Probe x2 (Chrono Boost)  
  187  23:49  Probe (Chrono Boost), Void Ray x2 (Chrono Boost)  
  187  23:55  Probe x2 (Chrono Boost)  
  191  23:59  Void Ray (Chrono Boost)  
  195  24:08  Probe x2, Observer  
  197  24:12  Zealot, Probe  
  197  24:23  Zealot x3  
  197  24:56  Shield Battery  
  197  24:58  Shield Battery  
  197  24:59  Shield Battery  
  191  25:00  Shield Battery  
  191  25:03  Nexus  
  189  25:07  High Templar  
  189  25:08  High Templar x3  
  173  25:16  Void Ray  
  151  25:25  Archon x2, Observer  
  145  25:28  Zealot  
Tags
 
Add a new tag
Caveats
  • Supply blocks, unpowered buildings, or Contaminate may cause inaccurate times.
  • Supply counts are checked every 10 seconds.